 Dungeon Crawl Stone Soup version 0.26-a0-1060-g086102a3f0 (webtiles) character file.

Game seed: 15273821243191131643

720186 vortex the Pyromancer (level 27, 0/260 (261) HPs)
             Began as a Hill Orc Fire Elementalist on Nov 25, 2020.
             Was the Champion of the Shining One.
             Slain by an Executioner (4 damage)
             ... summoned by Gloorx Vloq
             ... in Pandemonium on Dec 13, 2020.
             The game lasted 11:16:57 (161658 turns).

vortex the Pyromancer (HOFE)                      Turns: 161658, Time: 11:16:58

HP:   0/260 (261)   AC: 26    Str: 20    XL:     27
MP:   32/61         EV: 16    Int: 22    God:    the Shining One [******]
Gold: 2805          SH: 29    Dex: 17    Spells: 4/58 levels left

rFire    + . .     SeeInvis .   L - +8 morningstar "Boofayxt" {freeze, rElec Dex+6}
rCold    . . .     Faith    .   K - +3 warlock's mirror {reflect}
rNeg     + + +     Spirit   .   J - +6 acid dragon scales
rPois    .         Reflect  +   X - +2 hat of Kesad {MP+9}
rElec    +         Harm     .   j - +3 cloak "Peotziko" {rN+ Str+4 Int-2 Slay+3}
rCorr    +         Rampage  .   P - +2 pair of gloves
Will     ++...     Clarity  +   w - +2 pair of boots {Fly}
Stlth    +.........             l - amulet "Enlopp" {Reflect Str+3 SH+5}
HPRegen  0.00/turn              R - ring of magical power
MPRegen  0.37/turn              V - ring of magical power

@: lethally poisoned (0 -> -21), divine shield, flying, non-regenerating,
diseased, slowed, glowing, very slow
A: clarity, fire resistance 1, low mp 2, weak 1
}: 4/15 runes: decaying, slimy, demonic, gossamer
a: Divine Shield, Cleansing Flame, Summon Divine Warrior, Brand Weapon With Holy
Wrath, Renounce Religion, Stop Flying


You were in Pandemonium.
You worshipped the Shining One.
The Shining One was exalted by your worship.
You visited 18 branches of the dungeon, and saw 59 of its levels.
You visited Pandemonium 1 time, and saw 4 of its levels.
You visited 2 bazaars.
You also visited: Ice Cave.

You collected 9806 gold pieces.
You spent 7001 gold pieces at shops.

Inventory:

Hand Weapons
 L - the +8 morningstar "Boofayxt" (weapon) {freeze, rElec Dex+6}
   (You found it on level 6 of the Lair of Beasts)

   It has been specially enchanted to freeze those struck by it, causing extra
   injury to most foes and up to half again as much damage against particularly
   susceptible opponents.
   It can also slow down cold-blooded creatures.
   It affects your dexterity (+6).
   It insulates you from electricity.
Missiles
 k - 4 curare-tipped darts
 C - 136 poisoned darts (quivered)
 N - 8 atropa-tipped darts
Armour
 j - the +3 cloak "Peotziko" (worn) {rN+ Str+4 Int-2 Slay+3}
   (You took it off a draconian monk on level 1 of the Realm of Zot)

   It affects your strength (+4).
   It affects your intelligence (-2).
   It affects your accuracy and damage with ranged weapons and melee attacks
   (+3).
   It protects you from negative energy.
 w - a +2 pair of boots of flying (worn)
 J - +6 acid dragon scales (worn)
 K - the +3 warlock's mirror (worn) {reflect}
   (You bought it in a shop on level 2 of the Orcish Mines)
 O - a scarf of resistance
 P - a +2 pair of gloves (worn)
 X - the +2 hat of Kesad (worn) {MP+9}
   (You found it on level 2 of the Spider Nest)

   It affects your magic capacity (+9).
Jewellery
 l - the amulet "Enlopp" (around neck) {Reflect Str+3 SH+5}
   (You bought it in a shop in a bazaar)

   [amulet of reflection]

   It shields you and reflects attacks.
   It affects your strength (+3).
   It affects your SH (+5).
 R - a ring of magical power (left hand)
 V - a ring of magical power (right hand)
Wands
 c - a wand of paralysis (35)
 d - a wand of enslavement (36)
 h - a wand of acid (69)
 y - a wand of iceblast (75)
 H - a wand of disintegration (50)
 W - a wand of digging (13)
Scrolls
 i - 30 scrolls of identify
 m - 5 scrolls of silence
 n - 29 scrolls of teleportation
 o - 8 scrolls of fog
 p - 3 scrolls of summoning
 s - 8 scrolls of immolation
 z - 7 scrolls of fear
 A - 33 scrolls of remove curse
 D - 3 scrolls of blinking
 F - 3 scrolls of holy word
 S - 10 scrolls of magic mapping
 T - a scroll of enchant armour
 Y - 5 scrolls of vulnerability
Potions
 a - 9 potions of mutation
 b - 8 potions of heal wounds
 e - 2 potions of cancellation
 f - 3 potions of resistance
 g - 8 potions of brilliance
 q - 14 potions of curing
 t - 11 potions of haste
 v - 5 potions of magic
 E - 2 potions of might
 G - 2 potions of berserk rage
 M - 10 potions of ambrosia
Miscellaneous
 u - a phial of floods
 x - a tin of tremorstones (2/2)
 B - a box of beasts
 I - a lightning rod (4/4)
 Q - a phantom mirror


   Skills:
 * Level 24.0 Fighting
 + Level 11.2(11.3) Maces & Flails
 - Level 1.5(6.2) Staves
 - Level 5.7 Armour
 - Level 7.4 Dodging
 - Level 1.5 Stealth
 - Level 7.8 Shields
 + Level 16.0 Spellcasting
 * Level 20.1 Conjurations
 - Level 2.0 Translocations
 - Level 4.0 Transmutations
 + Level 24.0 Fire Magic
 + Level 19.0 Earth Magic
 - Level 22.0 Invocations
 - Level 14.2 Evocations


You had 4 spell levels left.
You knew the following spells:

 Your Spells              Type           Power        Failure   Level
a - Foxfire               Conj/Fire      ####         0%          1
c - Sticky Flame          Conj/Fire      #######.     0%          4
e - Starburst             Conj/Fire      #######...   1%          6
f - Fireball              Conj/Fire      #######...   0%          5
g - Ignition              Fire           #######...   1%          8
i - Iron Shot             Conj/Erth      #######...   1%          6
p - Passwall              Tmut/Erth      ######..     1%          2
r - Lee's Rapid Deconstr  Erth           #######...   1%          5
s - Fire Storm            Conj/Fire      #######...   43%         9
x - Blink                 Tloc           N/A          2%          2
y - Statue Form           Tmut/Erth      ######...    5%          6

Your spell library contained the following spells:

 Spells                   Type           Power        Failure   Level
 Magic Dart               Conj           ####         0%          1
 Sandblast                Erth           ######       0%          1
 Conjure Flame            Conj/Fire      #######.     0%          3
 Stone Arrow              Conj/Erth      ######       0%          3
 Apportation              Tloc           ####..       1%          1
 Beastly Appendage        Tmut           #####.       1%          1
 Sting                    Tmut/Pois      ####         1%          1
 Wereblood                Tmut           #####...     1%          2
 Dazzling Flash           Conj/Hex       ######       1%          3
 Ignite Poison            Fire/Tmut/Pois ######..     1%          3
 Inner Flame              Hex/Fire       ######..     1%          3
 Mephitic Cloud           Conj/Pois/Air  #####...     1%          3
 Static Discharge         Conj/Air       ######..     1%          3
 Fulminant Prism          Conj/Hex       ######....   1%          4
 Leda's Liquefaction      Hex/Erth       ######....   1%          4
 Petrify                  Tmut/Erth      ######..     1%          4
 Animate Skeleton         Necr           ###...       4%          1
 Corona                   Hex            ###....      4%          1
 Pain                     Necr           ###.         4%          1
 Summon Small Mammal      Summ           ###.         4%          1
 Gell's Gravitas          Tloc           ####......   5%          3
 Lesser Beckoning         Tloc           ####......   5%          3
 Spider Form              Tmut/Pois      ####......   5%          3
 Call Imp                 Summ           ###.....     6%          2
 Corpse Rot               Necr/Air       N/A          6%          2
 Ensorcelled Hibernation  Hex/Ice        ###...       6%          2
 Poisonous Vapours        Pois/Air       ###...       6%          2
 Slow                     Hex            ###.....     6%          2
 Sublimation of Blood     Necr           ###.......   6%          2
 Swiftness                Air            ###.....     6%          2
 Portal Projectile        Hex/Tloc       ###...       9%          3
 Confusing Touch          Hex            ###.....     12%         3
 Tukima's Dance           Hex            ###.....     12%         3
 Vampiric Draining        Necr           ###.......   12%         3
 Ice Form                 Ice/Tmut       ####....     19%         4
 Passage of Golubria      Tloc           N/A          19%         4
 Cause Fear               Hex            ###.......   38%         4
 Dispel Undead            Necr           ###.....     38%         4
 Olgreb's Toxic Radiance  Pois           ###.....     38%         4
 Summon Lightning Spire   Summ/Air       ###.....     38%         4
 Bolt of Magma            Conj/Fire/Erth #######...   1%          5
 Iskenderun's Battlesphe  Conj           #######.     1%          5
 Lightning Bolt           Conj/Air       ######....   1%          5
 Orb of Destruction       Conj           #######...   1%          7
 Borgnjor's Vile Clutch   Necr/Erth      ######....   2%          5
 Lehudib's Crystal Spear  Conj/Erth      #######...   9%          8
 Conjure Ball Lightning   Conj/Air       ######....   10%         6
 Blade Hands              Tmut           #####.....   22%         5
 Freezing Cloud           Conj/Ice/Air   #####.....   38%         6
 Alistair's Intoxication  Tmut/Pois      ####.....    45%         5
 Yara's Violent Unravell  Hex/Tmut       ####......   45%         5
 Spellforged Servitor     Conj/Summ      ######....   50%         7
 Summon Forest            Summ/Tloc      ###.......   58%         5
 Agony                    Necr           ###.....     75%         5
 Excruciating Wounds      Necr           ###.......   75%         5
 Metabolic Englaciation   Hex/Ice        ###.......   75%         5
 Silence                  Hex/Air        ###.......   75%         5
 Summon Demon             Summ           ###.......   75%         5
 Summon Mana Viper        Hex/Summ       ###.....     75%         5
 Hydra Form               Tmut           #####.....   77%         6
 Shatter                  Erth           #######...   86%         9
 Dispersal                Tloc           ####......   95%         6
 Eringya's Noxious Bog    Tmut/Pois      ####......   95%         6
 Death Channel            Necr           ###.......   99%         6
 Invisibility             Hex            ###.....     99%         6
 Ozocubu's Refrigeration  Ice            ###.......   99%         6
 Shadow Creatures         Summ           N/A          99%         6
 Simulacrum               Ice/Necr       ###.......   99%         6
 Chain Lightning          Conj/Air       ######....   99%         8
 Dragon Form              Tmut           #####.....   100%        7
 Haunt                    Necr/Summ      ###.......   100%        7
 Summon Hydra             Summ           ###.......   100%        7
 Borgnjor's Revivificati  Necr           ###.......   100%        8
 Discord                  Hex            ###.......   100%        8
 Disjunction              Tloc           ####......   100%        8
 Infestation              Necr           ###.......   100%        8
 Necromutation            Tmut/Necr      ####......   100%        8
 Absolute Zero            Ice            ###.......   100%        9
 Death's Door             Necr           ###.......   100%        9
 Dragon's Call            Summ           ###.......   100%        9
 Tornado                  Air            ###.......   100%        9


Dungeon Overview and Level Annotations

Branches:
Dungeon (15/15)            Temple (1/1) D:7            Lair (6/6) D:11
  Swamp (4/4) Lair:3       Spider (4/4) Lair:3        Slime (5/5) Lair:6
    Orc (2/2) D:9             Elf (3/3) Orc:2        Vaults (4/5) D:13
  Crypt (3/3) Vaults:2       Tomb (1/3) Crypt:3      Depths (5/5) D:15
   Hell (visited)             Dis (1/7) Hell            Geh (1/7) Hell
    Coc (1/7) Hell            Tar (1/7) Hell            Zot (1/5) Depths:5
  IceCv (visited)

Altars:
Ashenzari
Cheibriados
Dithmenos
Elyvilon
Fedhas
Gozag
Hepliaklqana
Kikubaaqudgha
Makhleb
Nemelex Xobeh
Okawaru
Qazlal
Ru
Sif Muna
Trog
Vehumet
Wu Jian
Xom
Yredelemnul
Zin
The Shining One
Beogh

Shops:
D:7 ?[*   D:14 :   Orc:2 [([!   Elf:2 [   Elf:3 }   Vaults:2 (   Depths:1 *[}(

Portals:
Hell: Depths:1 Depths:2 Depths:3 Depths:4 Depths:5
Abyss: Depths:3 Depths:4
Pandemonium: Depths:3
Ziggurat: Depths:4

Annotations:
Pan Gloorx Vloq


Innate Abilities, Weirdness & Mutations

You possess an exceptional clarity of mind.
Your flesh is heat resistant. (rF+)
Your magical capacity is very low. (-20% MP)
You are weak. (Str -2)


Message History

You are momentarily dazzled by a brilliant light.
You feel very sick.
You block the Executioner's attack. x2; The Executioner barely misses you.
The Executioner hits your daeva! The Executioner hits your daeva.
Your daeva blocks the Executioner's attack. x3
The Executioner hits your daeva but does no damage.
You block the Executioner's attack.
The Executioner hits you but does no damage.
You block the Executioner's attack. The Executioner hits your daeva!
The Executioner hits your daeva.
Your daeva blocks the Executioner's attack.
Gloorx Vloq calls on the powers of darkness!
Your daeva convulses!
Your body is wracked with pain!
* * * LOW HITPOINT WARNING * * *
The Executioner hits you!!
* * * LOW HITPOINT WARNING * * *
The Executioner hits you but does no damage. x4
The Executioner hits you.
You die...

#.#..#..#
#.#.#.#.#.#.#.##..#..#
#.#.....#
...............##.....#
#.#..#..#
..#.#.#.#.#..###..#..#
#.#.#.$.#
#..........°## #...#.#
#.#.....# #...#.#.#.○.#
#.....# #.#.#...#
##......&..## #...#.#
#.#..#..# #....#○...#
#..#..# #.#.....#
#...111...# #.....#
#.#..#§.# #..@A...#
#..#..# #.#.#...#
#.......# #...#.#
#.#..§§.# #.......#
#.....# ..#.#..1#
#...^...# #...#.#
..#..#..# ##.....##
#..#..# ..#.....#
#.....# #.....#
..#..#..# #.....#
#..#..# ..#.#...#
#.....# #...#.#
..#.....#######
#######.....#


You could see Gloorx Vloq, 3 Executioners and a friendly daeva (summoned).

Vanquished Creatures
  the Royal Jelly (Slime:5)
  Dissolution (Slime:3)
  4 ancient liches
  The ghost of Teobbaug the Slayer, a master OgTm of Okawaru (Zot:1)
  Mara (Vaults:4)
  Sojobo (Tomb:1)
  3 royal mummies
  A pandemonium lord (Pan)
  The ghost of lmSkywalker the Warrior, an adept DrTm of Okawaru (Depths:2)
  Geryon (Hell)
  A caustic shrike (shapeshifter) (Depths:4)
  2 golden dragons
  Arachne (Spider:2)
  4 Brimstone Fiends
  6 liches
  Jorgrun (Swamp:3)
  2 tentacled monstrosities (Zot:1)
  An Ice Fiend (Pan)
  3 deep elf blademasters
  11 Hell Sentinels (Pan)
  A titan (Depths:1)
  A death cob (Zot:1)
  2 deep elf master archers (Elf:3)
  2 quicksilver dragons (Zot:1)
  25 acid blobs
  An ancient champion (Crypt:3)
  41 Executioners
  10 sphinxes
  Kirke (D:15)
  3 tengu reavers
  A thorn hunter (Swamp:4)
  4 revenants
  5 draconian monks (Zot:1)
  4 shadow dragons
  A fenstrider witch (Swamp:1)
  5 storm dragons
  The ghost of Nuqinleag the Devastator, an adept GrEE of Vehumet (Spider:2)
  8 fire giants
  Donald (Swamp:3)
  6 frost giants
  A draconian knight (Zot:1)
  7 azure jellies
  4 iron dragons
  6 ghost moths
  Aizul (Vaults:4)
  11 vault wardens
  A balrug (Pan)
  4 deep elf sorcerers (Elf:3)
  A draconian scorcher (Zot:1)
  3 orc warlords
  8 ghouls
  2 curse skulls (Pan)
  4 draconian annihilators
  13 ironheart preservers
  8 deep elf elementalists (Elf:3)
  4 emperor scorpions
  5 cacodemons (Pan)
  A juggernaut skeleton (Depths:3)
  14 reapers
  A caustic shrike skeleton (Depths:2)
  A draconian stormcaller (Depths:5)
  20 stone giants
  A spriggan defender (Depths:4)
  A blood saint (Pan)
  4 entropy weavers
  20 very ugly things
  3 green draconians
  A stone giant (shapeshifter) (D:14)
  5 black draconians
  7 deep elf demonologists
  2 corrupters (Pan)
  4 white draconians
  3 black suns (Pan)
  10 spark wasps
  4 bunyips
  8 vampire knights
  11 lorocyprocas (Pan)
  2 purple draconians (Depths:5)
  6 deep elf annihilators
  4 yellow draconians (Zot:1)
  6 eidola
  3 red draconians (Zot:1)
  A merfolk javelineer (Depths:2)
  2 blizzard demons (Pan)
  4 eleionomae
  Snorg (D:13)
  8 ettins
  8 fire dragons
  12 death oozes
  12 deep elf death magi
  11 green deaths
  2 deep elf high priests
  2 merfolk impalers
  10 mummy priests
  17 yaktaur captains
  14 ogre magi
  A quicksilver dragon zombie (Depths:4)
  10 jiangshi
  15 great orbs of eyes
  A shambling mangrove (Swamp:4)
  3 quicksilver dragon skeletons
  Fannar (D:11)
  2 vault guards
  14 ice dragons
  An ice dragon (shapeshifter) (Depths:1)
  4 rakshasas
  25 hydras
  A ghost crab (Swamp:2)
  2 monstrous demonspawn (Pan)
  2 hell beasts
  Erica (Lair:1)
  A spriggan air mage (Depths:5)
  12 boulder beetles
  5 death yaks
  10 centaur warriors
  6 death knights
  11 tengu warriors
  3 catoblepae
  26 dancing weapons
  28 two-headed ogres
  9 death scarabs (Tomb:1)
  2 orc high priests (Depths:1)
  8 alligators
  3 deep troll shamans
  2 storm dragon zombies
  6 vampire magi
  8 hell hogs
  3 spriggan berserkers
  Urug (Lair:1)
  A shock serpent (Depths:5)
  6 titan zombies
  5 deep troll earth magi
  The ghost of SolusNox the Ruffian, a novice TrMo of Makhleb (D:7)
  A small abomination (Elf:3)
  54 soul eaters
  12 hell knights
  9 sun demons
  26 deep elf knights
  27 skeletal warriors
  A fire crab (shapeshifter) (Vaults:4)
  9 shadow wraiths
  3 titan skeletons
  A fire crab (Depths:5)
  2 sixfirhies (Pan)
  2 goliath frogs
  4 torturous demonspawn (Pan)
  An iron troll (Depths:3)
  A ghost moth zombie (Geh:1)
  A spark wasp zombie (Hell)
  2 anaconda zombies (Hell)
  3 golden dragon zombies
  2 spriggan druids
  4 storm dragon skeletons
  2 unseen horrors
  27 deep trolls
  6 flayed ghosts
  6 wizards
  60 large abominations (Pan)
  2 gelid demonspawn (Pan)
  3 glowing orange brains
  An orange crystal statue (D:8)
  12 swamp dragons
  6 shadow demons (Pan)
  10 lindwurms
  An obsidian statue (Depths:4)
  7 harpies
  5 anaconda skeletons
  9 bog bodies
  3 golden dragon skeletons
  2 shadow dragon zombies
  Pikel (D:6)
  27 deep elf archers
  The ghost of Glucose the Basher, a novice MiBe of Trog (D:7)
  7 phantasmal warriors
  A sphinx zombie (Hell)
  9 necromancers
  22 orc knights
  A tengu zombie (Depths:3)
  2 wolf spider zombies
  32 wolf spiders
  58 ugly things
  62 deep elf magi
  2 shadow dragon skeletons
  5 oklob plants (Lair:6)
  5 frost giant zombies
  11 ironbrand convokers
  11 shining eyes
  3 iron dragon zombies
  19 orb spiders
  5 cyclopes
  A stone giant zombie (Crypt:1)
  2 manticores
  9 orc sorcerers
  4 iron dragon skeletons
  A will-o-the-wisp (Swamp:3)
  2 worldbinders (Depths:5)
  5 fire giant zombies
  A stone giant skeleton (Pan)
  12 moths of wrath
  3 elephants (Lair:6)
  2 frost giant skeletons
  4 eyes of devastation
  5 black mambas
  A shock serpent zombie (Dis:1)
  2 guardian serpents (shapeshifter)
  4 fire giant skeletons
  3 rust devils
  3 naga magi (Depths:5)
  4 spriggan zombies
  An ice statue (IceCv)
  9 vault sentinels
  9 torpor snails
  A water nymph (shapeshifter) (D:15)
  4 hellions
  17 smoke demons
  4 molten gargoyles
  A storm dragon simulacrum (Depths:3)
  7 orange demons (Pan)
  An elephant slug zombie (Crypt:3)
  4 gargoyles
  A spriggan skeleton (Depths:4)
  A yaktaur (shapeshifter) (Depths:3)
  A dire elephant skeleton (Pan)
  6 tengu conjurers
  17 tormentors
  11 cane toads
  A komodo dragon (shapeshifter) (Vaults:1)
  4 rime drakes
  5 freezing wraiths
  47 yaktaurs
  32 demonic crawlers
  2 hellwings (Pan)
  9 ice devils
  3 efreet
  A golden dragon simulacrum (Depths:1)
  A purple draconian skeleton (Crypt:3)
  17 komodo dragons
  44 guardian mummies
  10 red devils
  A catoblepas skeleton (Pan)
  2 bloated husks
  31 jumping spiders
  A polar bear (shapeshifter) (Vaults:1)
  A hornet (shapeshifter) (Depths:1)
  2 meliai (shapeshifter)
  A wind drake (shapeshifter) (D:15)
  A hydra skeleton (Pan)
  17 polar bears
  Prince Ribbit (D:6)
  A deep troll zombie (Hell)
  3 trolls
  2 harpy skeletons
  174 slime creatures
  17 hornets
  A raiju (Depths:5)
  3 elf zombies
  20 blink frogs
  An alligator zombie (Dis:1)
  9 tyrant leeches
  2 frost giant simulacra
  2 fire dragon zombies (Hell)
  7 dream sheep (Lair:6)
  A raiju (shapeshifter) (Vaults:1)
  2 ettin zombies
  5 air elementals
  A tarantella (shapeshifter) (Depths:2)
  Sigmund (D:3)
  4 ettin skeletons
  A fire dragon skeleton (Pan)
  57 redbacks
  9 spriggans
  35 tarantellas
  9 water elementals
  4 wyverns
  4 flying skulls (Dis:1)
  18 ynoxinuls (Pan)
  4 ice dragon skeletons
  15 ushabtiu
  4 vampires
  A satyr skeleton (Crypt:2)
  5 shadows
  9 basilisks
  A hog (Depths:5)
  A basilisk (shapeshifter) (Vaults:1)
  9 wraiths
  A hog (shapeshifter) (Vaults:3)
  66 yaks
  2 black mamba skeletons (Pan)
  9 humans (D:13)
  A wind drake zombie (Crypt:2)
  10 chaos spawn (Pan)
  4 fire bats
  17 golden eyes
  11 neqoxecs (Pan)
  13 fire elementals
  3 steam dragons (Lair:6)
  An elf skeleton (Vaults:1)
  Grum (D:11)
  8 vampire mosquitoes
  14 swamp worms
  A two-headed ogre zombie (Crypt:2)
  A soldier ant (shapeshifter) (Elf:3)
  7 wargs
  27 soldier ants
  14 water moccasins
  A glowing shapeshifter zombie (Crypt:1)
  An insubstantial wisp (Depths:5)
  A monstrous demonspawn skeleton (Pan)
  2 cane toad zombies
  8 hell hounds
  3 acid dragons
  A hydra simulacrum (Hell)
  An orb spider zombie (Crypt:1)
  A floating eye (Slime:5)
  A swamp drake (shapeshifter) (Vaults:1)
  2 cane toad skeletons (Hell)
  8 swamp drakes
  4 ice beasts
  9 eyes of draining
  42 orc warriors
  An alligator simulacrum (Hell)
  4 black bears
  A hornet zombie (D:10)
  An eye of draining (shapeshifter) (Vaults:2)
  A spriggan simulacrum (Depths:1)
  6 phantoms
  7 sky beasts
  2 snapping turtle zombies (Dis:1)
  2 manticore skeletons
  5 necrophages
  28 wolves
  11 boggarts
  27 centaurs
  A swamp dragon skeleton (Pan)
  28 ogres
  A human skeleton (Vaults:1)
  A torpor snail zombie (Crypt:3)
  4 lemures
  3 snapping turtle skeletons
  4 yaktaur zombies
  A palentonga zombie (Crypt:1)
  3 big kobolds
  A komodo dragon zombie (Crypt:3)
  4 human zombies
  13 bullfrogs
  2 earth elementals (Depths:5)
  A cyclops zombie (Crypt:1)
  A gnoll sergeant (D:13)
  A water moccasin zombie (Crypt:2)
  A wyvern skeleton (Crypt:3)
  A hornet simulacrum (Vaults:1)
  5 scorpions
  A human simulacrum (Vaults:2)
  A killer bee (D:7)
  12 wights
  2 howler monkeys (D:7)
  A vampire bat (Depths:5)
  An electric eel (Spider:2)
  A crimson imp (Hell)
  2 quasits
  4 centaur zombies
  4 lava snakes
  A bullfrog zombie (D:13)
  5 hounds
  7 bullfrog skeletons
  8 centaur skeletons
  31 orc priests
  8 iron imps
  7 jellies
  31 orc wizards
  7 iguanas
  4 hell rats (Hell)
  4 lightning spires (Depths:5)
  25 worker ants
  A felid skeleton (Crypt:3)
  2 hound skeletons
  31 mummies
  A worker ant zombie (D:8)
  8 gnolls
  A howler monkey skeleton (D:4)
  14 adders
  A scorpion zombie (Crypt:2)
  A swamp drake skeleton (Crypt:3)
  4 shadow imps
  5 white imps
  5 ufetubi
  An ooze (D:6)
  An adder zombie (D:4)
  A worm zombie (Crypt:1)
  3 adder skeletons
  4 worms
  3 ball lightnings (Depths:5)
  A barachi skeleton (Crypt:1)
  4 dart slugs
  5 leopard geckos
  127 orcs
  6 ball pythons
  7 bats
  11 giant cockroaches
  3 goblins
  11 hobgoblins
  12 jackals
  3 quokkas
  7 frilled lizards
  A giant cockroach zombie (Crypt:1)
  A jackal skeleton (D:7)
  15 kobolds
  A kobold skeleton (Pan)
  A leopard gecko skeleton (D:4)
  2 leopard gecko zombies (D:7)
  2 quokka skeletons (D:5)
  10 rats
  3 crawling corpses (Elf:3)
  2 fire vortices
  8 foxfires
3154 creatures vanquished.

Vanquished Creatures (collateral kills)
  Khufu (Crypt:3)
  A royal mummy (Crypt:3)
  A pandemonium lord (Pan)
  The ghost of Marixus the Executioner, an adept HOFi of Beogh (Vaults:3)
  A Tzitzimitl (Pan)
  9 Executioners (Pan)
  A sphinx (Vaults:3)
  A shadow dragon (Elf:1)
  A ghost moth (Spider:4)
  A cacodemon (Pan)
  2 black suns (Pan)
  6 lorocyprocas (Pan)
  A deep elf annihilator (Vaults:1)
  A fire dragon (Vaults:1)
  A rakshasa (Pan)
  An ice dragon (Elf:1)
  A quicksilver dragon skeleton (Pan)
  A two-headed ogre (Vaults:4)
  A queen ant (D:12)
  A hell hog (Hell)
  8 soul eaters
  3 sun demons
  A sixfirhy (Pan)
  2 shadow wraiths (Pan)
  An anaconda zombie (Hell)
  A gelid demonspawn (Pan)
  A torturous demonspawn (Pan)
  A deep elf archer (Vaults:1)
  An ironbrand convoker (Vaults:1)
  A wolf spider (Spider:4)
  8 smoke demons (Pan)
  A tormentor (Pan)
  A red devil (Pan)
  2 ice devils (Hell)
  4 demonic crawlers (Pan)
  A jumping spider (Spider:2)
  A hydra skeleton (Pan)
  An alligator skeleton (Pan)
  2 ettin skeletons (Pan)
  A yak (Lair:4)
  An ice dragon skeleton (Pan)
  A black mamba skeleton (Pan)
  A soldier ant (D:12)
  13 large abominations (Pan)
  2 ogres
  A troll skeleton (Pan)
  A worker ant (D:12)
  15 foxfires
111 creatures vanquished.

Vanquished Creatures (others)
  A pandemonium lord (Pan)
  A green death (Pan)
  A vault guard (D:13)
  An ogre mage (Depths:5)
  2 soul eaters (Pan)
  A deep elf archer (Elf:1)
  A wizard (Depths:5)
  A hellwing (Pan)
  2 polar bears (D:12)
  2 slime creatures (D:15)
  A worker ant (D:12)
  3 yaks
  6 humans
  A wolf (Lair:4)
  An orc priest (Elf:1)
  An orc wizard (D:5)
  3 orcs (Elf:1)
  A fire vortex (Pan)
  4525 foxfires
  25 fungi
  121 plants
  6 withered plants (D:7)
4707 creatures vanquished.

Grand Total: 7972 creatures vanquished

Notes
Turn   | Place    | Note
-------+----------+-------------------------------------------
     0 | D:1      | vortex the Hill Orc Fire Elementalist began the quest for
                  | the Orb.
     0 | D:1      | Reached XP level 1. HP: 14/14 MP: 3/3
   246 | D:1      | Reached XP level 2. HP: 22/22 MP: 2/4
   258 | D:1      | Reached skill level 1 in Fighting
   446 | D:1      | Reached XP level 3. HP: 28/28 MP: 1/5
  1335 | D:2      | Found a faded altar of an unknown god.
  1356 | D:2      | Reached XP level 4. HP: 36/36 MP: 2/7
  1536 | D:2      | Learned a level 4 spell: Sticky Flame
  1555 | D:2      | Found an ornate altar of the Wu Jian Council.
  2496 | D:3      | Reached XP level 5. HP: 42/42 MP: 3/8
  2560 | D:3      | Found a sacrificial altar of Ru.
  2909 | D:3      | Noticed Sigmund
  2925 | D:3      | Killed Sigmund
  2926 | D:3      | Reached XP level 6. HP: 46/51 MP: 0/10
  3795 | D:4      | Reached skill level 5 in Fire Magic
  3801 | D:4      | Learned a level 5 spell: Fireball
  3906 | D:4      | Noticed a phantom
  3925 | D:4      | Killed a phantom
  3926 | D:4      | Reached XP level 7. HP: 59/59 MP: 8/11
  4164 | D:4      | Found a basalt altar of Yredelemnul.
  4166 | D:4      | Found a stormy altar of Qazlal.
  4170 | D:4      | Found a sparkling altar of Nemelex Xobeh.
  5119 | D:4      | Upgraded the game from 0.26-a0-863-g3bff4b215c to
                  | 0.26-a0-949-ga0cc1ef5f6
  5138 | D:5      | Entered Level 5 of the Dungeon
  5443 | D:5      | Reached XP level 8. HP: 63/67 MP: 6/13
  5447 | D:5      | Reached skill level 5 in Fighting
  5587 | D:5      | Reached skill level 1 in Evocations
  7185 | D:6      | Noticed Pikel
  7482 | D:6      | Killed Pikel
  7483 | D:6      | Reached skill level 5 in Conjurations
  7483 | D:6      | Reached XP level 9. HP: 12/77 MP: 0/15
  7875 | D:6      | Noticed Prince Ribbit
  7882 | D:6      | Killed Prince Ribbit
  7973 | D:6      | Got an ivory quarterstaff
  7974 | D:6      | Identified the +8 quarterstaff of the Slashing Visionary
                  | {freeze, Fragile +Inv Str+10} (You found it on level 6 of
                  | the Dungeon)
  8227 | D:6      | Found a snail-covered altar of Cheibriados.
  8940 | D:7      | Found Xaf Voin's Magic Scroll Shoppe.
  8943 | D:7      | Bought a scroll of blinking for 97 gold pieces
  8943 | D:7      | Bought a scroll of blinking for 97 gold pieces
  8943 | D:7      | Bought a scroll of identify for 26 gold pieces
  8943 | D:7      | Bought a scroll of identify for 26 gold pieces
  8943 | D:7      | Bought a scroll of identify for 26 gold pieces
  9011 | D:7      | Found a staircase to the Ecumenical Temple.
  9020 | Temple   | Entered the Ecumenical Temple
  9028 | Temple   | Became a worshipper of the Shining One
  9056 | D:7      | Found Topolo's Antique Armour Shoppe.
  9078 | D:7      | Found Agreynnes's General Store.
  9225 | D:7      | Reached skill level 5 in Spellcasting
  9225 | D:7      | Reached skill level 1 in Invocations
  9510 | D:7      | Learned a level 5 spell: Lee's Rapid Deconstruction
  9606 | D:7      | Upgraded the game from 0.26-a0-949-ga0cc1ef5f6 to
                  | 0.26-a0-952-g76694b35de
  9761 | D:7      | Reached XP level 10. HP: 76/86 MP: 12/17
 10165 | D:7      | Found a runed translucent gate.
 10165 | D:7      | Found a runed translucent gate.
 10165 | D:7      | Noticed Glucose's ghost (novice MiBe)
 10166 | D:7      | Found a runed translucent gate.
 10166 | D:7      | Noticed SolusNox's ghost (novice TrMo)
 10212 | D:8      | Noticed a two-headed ogre
 10219 | D:7      | Learned a level 3 spell: Stone Arrow
 10295 | D:7      | Bought a scroll of identify for 26 gold pieces
 10511 | D:8      | Reached skill level 1 in Earth Magic
 10615 | D:8      | Reached * piety under the Shining One
 10645 | D:8      | Killed a two-headed ogre
 10646 | D:8      | Reached skill level 1 in Armour
 10916 | D:8      | Noticed an orange crystal statue
 11480 | D:9      | Reached skill level 5 in Evocations
 11768 | D:9      | Found a staircase to the Orcish Mines.
 12074 | D:9      | Noticed a two-headed ogre
 12111 | D:9      | Killed a two-headed ogre
 12323 | D:10     | Entered Level 10 of the Dungeon
 12597 | D:10     | Noticed a two-headed ogre
 12608 | D:10     | Killed a two-headed ogre
 12609 | D:10     | Reached XP level 11. HP: 41/95 MP: 13/19
 13827 | D:11     | Learned a level 2 spell: Blink
 13851 | D:11     | Noticed a green ugly thing
 13853 | D:11     | Reached skill level 5 in Invocations
 13880 | D:11     | Killed a green ugly thing
 14311 | D:11     | Reached skill level 5 in Earth Magic
 14461 | D:11     | Reached skill level 1 in Translocations
 14504 | D:11     | Reached ** piety under the Shining One
 14597 | D:11     | Found a staircase to the Lair.
 15002 | D:11     | Noticed Grum
 15012 | D:11     | Killed Grum
 15319 | D:11     | Noticed a centaur warrior
 15332 | D:11     | Killed a centaur warrior
 15623 | D:11     | Got an encrusted leather armour
 15634 | D:11     | Identified the +0 leather armour of Day {Harm rN++ Int+4
                  | Dex-5} (You found it on level 11 of the Dungeon)
 15702 | D:11     | Reached XP level 12. HP: 105/105 MP: 17/21
 15995 | D:11     | Reached *** piety under the Shining One
 16214 | D:11     | Found the +12 Vampire's Tooth {vamp}
 16384 | D:12     | Found a frozen archway.
 16385 | D:12     | Noticed an ice dragon
 16402 | D:12     | Killed an ice dragon
 16411 | D:12     | Reached skill level 10 in Fighting
 16450 | IceCv    | Entered an ice cave
 19318 | IceCv    | Noticed a death yak
 19395 | IceCv    | Killed a death yak
 19689 | IceCv    | Reached XP level 13. HP: 116/116 MP: 14/23
 19867 | IceCv    | Noticed a frost giant
 20047 | IceCv    | Gained mutation: Your magical capacity is low. (-10% MP)
                  | [potion of mutation]
 20047 | IceCv    | Gained mutation: You possess an exceptional clarity of
                  | mind. [potion of mutation]
 20047 | IceCv    | Gained mutation: Your flesh is heat resistant. (rF+)
                  | [potion of mutation]
 20636 | IceCv    | Killed a frost giant
 20637 | IceCv    | Reached skill level 10 in Fire Magic
 21347 | IceCv    | Got heavily runed ice dragon scales
 21358 | IceCv    | Identified the +8 ice dragon scales of Pathos {-Tele
                  | Rampage rElec rF- rC++ Stlth+} (You found it in an ice
                  | cave)
 21627 | D:7      | Bought a potion of resistance for 100 gold pieces
 21627 | D:7      | Bought a potion of heal wounds for 50 gold pieces
 21627 | D:7      | Bought a potion of mutation for 80 gold pieces
 21656 | D:7      | Bought a scroll of enchant armour for 97 gold pieces
 21656 | D:7      | Bought a scroll of identify for 26 gold pieces
 21679 | D:7      | Bought a scroll of enchant weapon for 97 gold pieces
 22091 | D:12     | Noticed an entropy weaver
 22265 | D:12     | Killed an entropy weaver
 22898 | D:12     | Noticed an entropy weaver
 23008 | D:11     | Killed an entropy weaver
 23736 | D:12     | Noticed Fannar
 23805 | D:11     | Killed Fannar
 24635 | D:12     | Learned a level 2 spell: Passwall
 24824 | Lair:1   | Entered Level 1 of the Lair of Beasts
 24857 | Lair:1   | Noticed Urug
 24871 | Lair:1   | Killed Urug
 25084 | Lair:1   | Identified a scroll of acquirement
 25195 | Lair:1   | Noticed Erica
 25204 | Lair:1   | Killed Erica
 26367 | Lair:2   | Reached skill level 1 in Transmutations
 26367 | Lair:2   | Reached XP level 14. HP: 126/126 MP: 13/22
 26448 | Lair:2   | Reached **** piety under the Shining One
 26735 | Lair:2   | Reached skill level 1 in Staves
 28059 | Lair:3   | Found a staircase to the Swamp.
 28964 | Lair:3   | Found a hole to the Spider Nest.
 29268 | Lair:3   | Acquired the Reference Book on Damage Dealing and Lightness
 29280 | Lair:3   | Learned a level 6 spell: Iron Shot
 30750 | Lair:4   | Reached skill level 1 in Maces & Flails
 30997 | Lair:4   | Found a glowing silver altar of Zin.
 32998 | Lair:5   | Got a shimmering robe
 33009 | Lair:5   | Identified the +3 robe of Optimism {rC+} (You found it on
                  | level 5 of the Lair of Beasts)
 33033 | Lair:5   | Identified the Disquisition on Gliding Combat Magic
 33052 | Lair:6   | Entered Level 6 of the Lair of Beasts
 33137 | Lair:6   | Found a staircase to the Slime Pits.
 33647 | Lair:6   | Reached ***** piety under the Shining One
 33655 | Lair:5   | Reached skill level 10 in Earth Magic
 33655 | Lair:5   | Reached XP level 15. HP: 99/135 MP: 20/24
 34288 | Lair:6   | Reached skill level 10 in Conjurations
 34490 | Lair:6   | HP: 2/136 [komodo dragon (10)]
 37523 | Lair:6   | Got a scorched morningstar
 37524 | Lair:6   | Identified the +8 morningstar "Boofayxt" {freeze, rElec
                  | Dex+6} (You found it on level 6 of the Lair of Beasts)
 37818 | Lair:6   | Found a runed translucent door.
 38310 | Lair:6   | Reached skill level 1 in Shields
 38945 | Lair:6   | Reached skill level 10 in Invocations
 39714 | D:7      | Bought a scroll of acquirement for 676 gold pieces
 39714 | D:7      | Acquired the ring of Etouptu {rPois MR+ Str-5 Int+6 Slay+2}
 39804 | D:7      | Killed SolusNox's ghost
 39808 | D:7      | Killed Glucose's ghost
 39939 | D:7      | Got a heavily runed chain mail
 40031 | Orc:1    | Entered Level 1 of the Orcish Mines
 40873 | Orc:2    | Entered Level 2 of the Orcish Mines
 41769 | Orc:2    | Found a staircase to the Elven Halls.
 42035 | Orc:1    | Found a roughly hewn altar of Beogh.
 42345 | Orc:2    | Found a roughly hewn altar of Beogh.
 42869 | Orc:2    | Noticed an orc warlord
 43013 | Orc:1    | Killed an orc warlord
 43014 | Orc:1    | Reached XP level 16. HP: 116/145 MP: 21/25
 43648 | Orc:2    | Found Tariahiwn's Antique Weapon Boutique.
 43649 | Orc:2    | Found a roughly hewn altar of Beogh.
 43650 | Orc:2    | Found Jomam's Antique Armour Shop.
 43663 | Orc:2    | Bought the +3 warlock's mirror {reflect} for 1080 gold
                  | pieces
 43663 | Orc:2    | Found the +3 warlock's mirror {reflect}
 43700 | Orc:2    | Found a roughly hewn altar of Beogh.
 43781 | Orc:2    | Found a roughly hewn altar of Beogh.
 43874 | Orc:2    | Found Aheamen's Distillery.
 43880 | Orc:2    | Bought a potion of heal wounds for 70 gold pieces
 43880 | Orc:2    | Bought a potion of curing for 42 gold pieces
 44078 | Orc:2    | Found a roughly hewn altar of Beogh.
 44079 | Orc:2    | Found Esyahoq's Antique Armour Shoppe.
 44167 | Orc:2    | Found a roughly hewn altar of Beogh.
 44228 | Orc:2    | Learned a level 6 spell: Starburst
 44829 | D:13     | Noticed Snorg
 44834 | D:13     | Killed Snorg
 45159 | D:13     | Found a gate to the Vaults.
 45390 | D:13     | Found a shimmering altar of Xom.
 45602 | D:13     | Reached ****** piety under the Shining One
 46620 | D:14     | Found Zacoir's Book Boutique.
 46853 | D:14     | You fall into a shaft and drop 1 floor!
 46853 | D:15     | Entered Level 15 of the Dungeon
 47024 | D:15     | Noticed Kirke
 47031 | D:15     | Killed Kirke
 48347 | D:15     | Noticed a sphinx
 48347 | D:15     | a ghost moth changed into a sphinx
 48353 | D:15     | Noticed a shadow dragon
 48355 | D:15     | a shadow dragon changed into an alligator snapping turtle
 48422 | D:15     | Noticed a quicksilver dragon
 48422 | D:15     | a stone giant changed into a quicksilver dragon
 48425 | D:15     | Noticed a sphinx
 48425 | D:15     | a quicksilver dragon changed into a sphinx
 48426 | D:15     | Noticed a fenstrider witch
 48426 | D:15     | a sphinx changed into a fenstrider witch
 48431 | D:15     | a fenstrider witch changed into a frost giant
 48432 | D:15     | Noticed a fenstrider witch
 48432 | D:15     | a frost giant changed into a fenstrider witch
 48438 | D:14     | a fenstrider witch changed into a stone giant
 48714 | D:15     | Found a staircase to the Depths.
 49610 | Swamp:1  | Entered Level 1 of the Swamp
 49738 | Swamp:1  | Noticed a fenstrider witch
 49747 | Swamp:1  | Killed a fenstrider witch
 51467 | Swamp:2  | Reached XP level 17. HP: 154/154 MP: 11/27
 52135 | Swamp:3  | Noticed Donald
 52201 | Swamp:3  | Noticed Jorgrun
 52421 | Swamp:3  | Killed Jorgrun
 52720 | Swamp:3  | Killed Donald
 53780 | Swamp:4  | Entered Level 4 of the Swamp
 55573 | Swamp:3  | Reached skill level 15 in Fighting
 56566 | Swamp:4  | Got a decaying rune of Zot
 57282 | Spider:1 | Entered Level 1 of the Spider Nest
 57292 | Spider:1 | Reached skill level 10 in Evocations
 58098 | Spider:1 | Got a jewelled quarterstaff
 58099 | Spider:1 | Identified the +7 quarterstaff of the Seven Knaves {flame,
                  | Dex+3} (You found it on level 1 of the Spider Nest)
 59396 | Spider:1 | Reached XP level 18. HP: 152/163 MP: 16/28
 60084 | Orc:2    | Bought a glowing cloak for 202 gold pieces
 60155 | Orc:2    | Bought a potion of berserk rage for 70 gold pieces
 60155 | Orc:2    | Bought a potion of curing for 42 gold pieces
 60155 | Orc:2    | Bought a potion of haste for 140 gold pieces
 60155 | Orc:2    | Bought a potion of ambrosia for 112 gold pieces
 60155 | Orc:2    | Bought a potion of berserk rage for 70 gold pieces
 60441 | Spider:2 | Noticed Arachne
 61423 | Spider:1 | Reached skill level 10 in Spellcasting
 61877 | Spider:2 | Killed Arachne
 62236 | Spider:2 | Found a runed translucent gate.
 62236 | Spider:2 | Found a runed translucent gate.
 62236 | Spider:2 | Found a runed translucent gate.
 62237 | Spider:2 | Noticed Nuqinleag's ghost (adept GrEE)
 64500 | Spider:4 | Entered Level 4 of the Spider Nest
 67742 | Spider:3 | Reached skill level 5 in Maces & Flails
 68971 | Spider:4 | Reached XP level 19. HP: 150/172 MP: 23/30
 70098 | Spider:4 | Got a gossamer rune of Zot
 70400 | Swamp:3  | Upgraded the game from 0.26-a0-952-g76694b35de to
                  | 0.26-a0-958-gf3041fb45f
 70613 | Vaults:1 | Entered Level 1 of the Vaults
 71073 | Vaults:1 | Found a flickering gateway to a bazaar.
 71080 | Bazaar   | Entered a bazaar
 71132 | Bazaar   | Found Xefeozi's Book Emporium.
 71140 | Bazaar   | Found Jaruresk's Book Boutique.
 71181 | Bazaar   | Found Bieriolu's Weapon Shoppe.
 71189 | Bazaar   | Found Dotsuxty's Jewellery Shop.
 71307 | D:13     | Upgraded the game from 0.26-a0-958-gf3041fb45f to
                  | 0.26-a0-964-g69f9a3b9e2
 75049 | Vaults:1 | Upgraded the game from 0.26-a0-964-g69f9a3b9e2 to
                  | 0.26-a0-966-gd078a86f14
 77206 | Vaults:2 | Reached XP level 20. HP: 164/183 MP: 29/31
 77533 | Vaults:2 | Noticed a lich
 77537 | Vaults:2 | Killed a lich
 77630 | Vaults:2 | Got a fine amethyst amulet
 77631 | Vaults:2 | Identified the amulet "Bije" {Inacc MP+9 Str+4 Int+2 SInv}
                  | (You found it on level 2 of the Vaults)
 78138 | Vaults:2 | Reached skill level 15 in Fire Magic
 80976 | Vaults:2 | Found Zall's Weapon Emporium.
 81251 | Vaults:2 | Found a staircase to the Crypt.
 82135 | Vaults:2 | Glimpsed the power of Zot.
 83131 | Vaults:3 | Acquired 808 gold pieces
 84085 | Vaults:3 | Reached XP level 21. HP: 192/192 MP: 2/32
 85673 | Vaults:3 | Found a runed translucent door.
 85673 | Vaults:3 | Noticed Marixus's ghost (adept HOFi)
 86310 | Vaults:3 | Upgraded the game from 0.26-a0-966-gd078a86f14 to
                  | 0.26-a0-971-g1d9d62bb61
 87212 | Vaults:4 | Noticed Aizul
 87219 | Vaults:4 | Killed Aizul
 87429 | Vaults:4 | Got a shadowed robe
 87430 | Vaults:4 | Identified the +2 robe of Doutaont {*Slow rPois MR+ Str+4}
                  | (You found it on level 4 of the Vaults)
 88406 | Vaults:4 | Noticed Mara
 88415 | Vaults:4 | Killed Mara
 90204 | Elf:1    | Entered Level 1 of the Elven Halls
 90570 | Elf:1    | Found a radiant altar of Vehumet.
 91937 | Elf:1    | Reached XP level 22. HP: 183/202 MP: 20/34
 92234 | Elf:1    | Found a runed translucent gate.
 92234 | Elf:1    | Found a runed translucent gate.
 92234 | Elf:1    | Found a runed translucent gate.
 92234 | Elf:1    | Found a runed translucent gate.
 92234 | Elf:1    | Found a runed translucent gate.
 92237 | Elf:1    | Found a runed translucent gate.
 92293 | Elf:1    | Reached skill level 15 in Earth Magic
 92518 | Elf:1    | Reached skill level 15 in Conjurations
 93741 | Elf:2    | Found a runed translucent gate.
 93742 | Elf:2    | Found a runed translucent gate.
 93743 | Elf:2    | Found a runed translucent gate.
 93855 | Elf:2    | Found Nuanoc's Armour Shop.
 96358 | Spider:2 | Killed Nuqinleag's ghost
 96785 | Spider:2 | Got a crude hat
 96786 | Spider:2 | Identified the +2 hat of Kesad {MP+9} (You found it on
                  | level 2 of the Spider Nest)
 97439 | Vaults:3 | Killed Marixus's ghost
 97649 | Vaults:3 | Got a twisted quarterstaff
 97931 | Depths:1 | Entered Level 1 of the Depths
 98175 | Depths:1 | Found Dimuem's Gadget Boutique.
 98263 | Depths:1 | Found Ysais's Weapon Boutique.
 98263 | Depths:1 | Found Orghius's General Store.
 98266 | Depths:1 | Found Hidik's Antique Armour Shop.
 98268 | Depths:1 | Bought a wand of iceblast (5) for 180 gold pieces
 98268 | Depths:1 | Bought a wand of iceblast (3) for 140 gold pieces
 98274 | Depths:1 | Bought a pair of runed boots for 247 gold pieces
 98291 | Depths:1 | Bought a scroll of identify for 40 gold pieces
 98291 | Depths:1 | Bought a potion of curing for 60 gold pieces
 98986 | Depths:1 | Found a gateway to Hell.
 99938 | Depths:1 | Reached XP level 23. HP: 157/211 MP: 4/35
101142 | Depths:1 | Upgraded the game from 0.26-a0-971-g1d9d62bb61 to
                  | 0.26-a0-1002-g7355149c4d
101803 | Depths:2 | Got a brightly glowing marble ring
101804 | Depths:2 | Identified the ring "Wacoph" {+Blink rC- rCorr Int-3 Dex+8}
                  | (You found it on level 2 of the Depths)
103163 | Depths:2 | Got a masterwork leather armour
103164 | Depths:2 | Identified the cursed +0 leather armour of the Blessed
                  | Realm {rPois Str+6 Int+2 Stlth-} (You found it on level 2
                  | of the Depths)
103608 | Depths:2 | Found a large runed translucent door.
103609 | Depths:2 | Found a large runed translucent door.
103611 | Depths:2 | Noticed lmSkywalker's ghost (adept DrTm)
103648 | Depths:2 | Reached skill level 5 in Shields
104089 | Depths:2 | Got a fine leather armour
104090 | Depths:2 | Identified the +1 leather armour of Marbles {Regen+} (You
                  | found it on level 2 of the Depths)
105022 | Depths:3 | Found a one-way gate to the infinite horrors of the Abyss.
105838 | Depths:3 | Reached skill level 15 in Invocations
108183 | Depths:3 | Found a one-way gate leading to the halls of Pandemonium.
108189 | Depths:3 | Noticed a royal mummy
108197 | Depths:3 | Killed a royal mummy
108198 | Depths:3 | Reached XP level 24. HP: 222/222 MP: 29/36
108338 | Depths:3 | Identified Wintyac's Tome of Torrid Venom
108562 | Depths:4 | Found a sparkling altar of Nemelex Xobeh.
109037 | Depths:4 | Noticed a caustic shrike
109037 | Depths:4 | a frost giant changed into a caustic shrike
109040 | Depths:4 | Killed a caustic shrike
109782 | Depths:4 | Reached skill level 5 in Dodging
109954 | Depths:4 | Noticed an ancient lich
109967 | Depths:4 | Killed an ancient lich
109968 | Depths:4 | Reached skill level 10 in Maces & Flails
109968 | Depths:4 | Noticed an ancient lich
110308 | Depths:4 | Killed an ancient lich
110504 | Depths:4 | Found a gateway to a ziggurat.
110736 | Depths:4 | Found a gateway to a bazaar.
111072 | Depths:4 | Noticed an ancient lich
111295 | Depths:4 | Killed an ancient lich
111810 | Bazaar   | Entered a bazaar
111810 | Bazaar   | Found Orukecu's Assorted Antiques.
111810 | Bazaar   | Found Opuxkes's Jewellery Shoppe.
111811 | Bazaar   | Found Fimmucw's Jewellery Emporium.
111811 | Bazaar   | Found Cinlietu's Antique Weapon Emporium.
111833 | Bazaar   | Bought the amulet "Enlopp" {Reflect Str+3 SH+5} for 562
                  | gold pieces
111849 | Bazaar   | Bought an ebony eveningstar for 540 gold pieces
111849 | Bazaar   | Identified the +5 eveningstar of Orezeam {flame, rN+++ WL+
                  | Stlth-} (You bought it in a shop in a bazaar)
111856 | Bazaar   | Bought a wand of iceblast (8) for 160 gold pieces
111856 | Bazaar   | Bought a scroll of identify for 80 gold pieces
111856 | Bazaar   | Bought a scroll of summoning for 380 gold pieces
111856 | Bazaar   | Bought a scroll of immolation for 140 gold pieces
111856 | Bazaar   | Bought 2 potions of brilliance for 320 gold pieces
111880 | Depths:4 | Identified the Reference Book on Unholy Secrets
111964 | Depths:5 | Entered Level 5 of the Depths
112411 | Depths:4 | Upgraded the game from 0.26-a0-1002-g7355149c4d to
                  | 0.26-a0-1013-gf6ffb0d6bd
113502 | Depths:5 | Found an iron altar of Okawaru.
113877 | Depths:5 | Identified the Collected Works on Flames
114073 | Depths:5 | Identified Suffoig's Grimoire of Companions
114519 | Depths:5 | Found a gate to the Realm of Zot.
114527 | Depths:5 | Reached XP level 25. HP: 217/231 MP: 36/36
115408 | Depths:5 | Identified the Catalogue of Enchantment
115639 | Depths:5 | Identified the Disquisition on Changing
115645 | Depths:5 | Learned a level 3 spell: Ignite Poison
115652 | Depths:5 | Learned a level 6 spell: Statue Form
115962 | Depths:5 | Identified the Disquisition on the Mountains
116146 | Depths:5 | Identified the Collected Works on Flight
116341 | Depths:2 | Killed lmSkywalker's ghost
116740 | Crypt:1  | Entered Level 1 of the Crypt
116767 | Crypt:1  | Paralysed by a vampire knight for 2 turns
120984 | Crypt:3  | Entered Level 3 of the Crypt
121929 | Crypt:3  | Reached skill level 5 in Armour
122276 | Crypt:3  | Noticed Khufu
122282 | Crypt:3  | Noticed a royal mummy
122782 | Crypt:3  | Killed Khufu
122790 | Crypt:3  | Killed a royal mummy
123364 | Crypt:3  | Found a staircase to the Tomb.
123924 | Crypt:3  | Identified the ring "Ebekh" {rN+ Stlth+}
124394 | Crypt:3  | Got a bloodstained great sword
124486 | Crypt:3  | Noticed a royal mummy
124713 | Crypt:3  | Killed a royal mummy
124714 | Crypt:3  | Reached XP level 26. HP: 105/242 MP: 26/36
126054 | Elf:3    | Entered Level 3 of the Elven Halls
127388 | Elf:3    | Found Meyb's Gadget Shoppe.
127393 | Elf:3    | Bought a wand of disintegration (14) for 324 gold pieces
127393 | Elf:3    | Bought a wand of acid (12) for 576 gold pieces
127790 | Elf:3    | Identified the ring of Descent {+Fly rC+ Dex+3}
127807 | Elf:3    | Identified the cursed +3 morningstar of Dividends
                  | {antimagic, +Inv rPois}
127885 | Elf:3    | Identified the +9 scimitar of Kimimaew {vorpal, +Blink rC+}
128306 | Elf:3    | Identified the +9 hand axe of Contradiction {vorpal, +Blink
                  | rC+ Str+5 Dex-3}
128309 | Elf:3    | Identified the cursed +0 chain mail of the Ageless Nights
                  | {rPois}
128731 | Elf:3    | Identified the +8 spear "Arcanum" {vamp, rPois rC+++ rN++
                  | Int-5}
128882 | Elf:3    | Identified Sif Muna's Volume of Intoxication
128897 | Elf:3    | Learned a level 8 spell: Ignition
128997 | Elf:3    | Identified the Handbook of Nocuous Clay
129441 | Slime:1  | Entered Level 1 of the Pits of Slime
130244 | Tomb:1   | Entered Level 1 of the Tomb of the Ancients
130365 | Tomb:1   | Noticed Sojobo
130374 | Tomb:1   | Killed Sojobo
131551 | Tomb:1   | Noticed a royal mummy
131639 | Tomb:1   | Killed a royal mummy
132453 | Tomb:1   | Noticed an ancient lich
132458 | Tomb:1   | Killed an ancient lich
133334 | Hell     | Entered the Vestibule of Hell
133334 | Hell     | Noticed Geryon
133350 | Hell     | Killed Geryon
133354 | Hell     | Reached XP level 27. HP: 205/250 MP: 37/37
134493 | Hell     | Found a gateway to the Iron City of Dis.
134914 | Hell     | Found a gateway to the freezing wastes of Cocytus.
135069 | Hell     | Found a gateway to the decaying netherworld of Tartarus.
135289 | Hell     | Found a gateway to the ashen valley of Gehenna.
135514 | Hell     | Upgraded the game from 0.26-a0-1013-gf6ffb0d6bd to
                  | 0.26-a0-1026-g544776af23
135535 | Dis:1    | Entered Level 1 of the Iron City of Dis
137458 | Coc:1    | Entered Level 1 of Cocytus
137874 | Tar:1    | Entered Level 1 of Tartarus
141043 | Slime:3  | Noticed Dissolution
141051 | Slime:3  | Killed Dissolution
141849 | Lair:6   | Learned a level 9 spell: Fire Storm
143167 | Slime:5  | Entered Level 5 of the Pits of Slime
143294 | Slime:5  | Noticed the Royal Jelly
143518 | Slime:5  | Killed the Royal Jelly
143960 | Slime:5  | Got an encrusted leather armour
143961 | Slime:5  | Identified the +1 leather armour "Teod" {rElec rN+++ Will-
                  | Str-5} (You found it on level 5 of the Pits of Slime)
143968 | Slime:5  | Acquired the +0 pair of gloves "Moerouxt" {Harm *Drain rC++
                  | Will+}
144030 | Slime:5  | Got a slimy rune of Zot
144053 | Slime:5  | Got a brightly glowing amber ring
144054 | Slime:5  | Identified the ring "Gevabunesch" {*Contam +Blink +Fly
                  | rPois Dex+2} (You found it on level 5 of the Pits of Slime)
145082 | Geh:1    | Entered Level 1 of Gehenna
146626 | Zot:1    | Entered Level 1 of the Realm of Zot
146896 | Zot:1    | Found a transporter.
146897 | Zot:1    | Identified the +2 scimitar "Demonslayer" {flame, rC- Dex+6}
146898 | Zot:1    | Noticed Teobbaug's ghost (master OgTm)
146899 | Zot:1    | Found a bloodstained altar of Trog.
146900 | Zot:1    | Identified the cursed +0 dire flail of Intuition
                  | {antimagic, +Blink rPois rF- SInv}
146903 | Zot:1    | Found a transporter.
146905 | Zot:1    | Identified the +3 cloak "Peotziko" {rN+ Str+4 Int-2 Slay+3}
146906 | Zot:1    | Identified the +2 cloak "Notolupt" {Will+}
146908 | Zot:1    | Identified the cursed +3 morningstar "Killer Bee's Death"
                  | {antimagic, Dex+2}
147168 | Zot:1    | Reached skill level 15 in Spellcasting
148809 | Zot:1    | Killed Teobbaug's ghost
149027 | Zot:1    | Acquired a manual of Invocations
149131 | Depths:3 | Upgraded the game from 0.26-a0-1026-g544776af23 to
                  | 0.26-a0-1053-gaff5f71418
149189 | Pan      | Entered Pandemonium
150013 | Pan      | Noticed Wyhut the pandemonium lord
150023 | Pan      | Killed Wyhut the pandemonium lord
152547 | Pan      | Got a scorched chain mail
152548 | Pan      | Identified the +2 chain mail of the Evil One {rElec rN+
                  | Str+2 Dex+3} (You found it in Pandemonium)
152672 | Pan      | Noticed Cotaxiji the pandemonium lord
152689 | Pan      | Killed Cotaxiji the pandemonium lord
152877 | Pan      | Got a demonic rune of Zot
155079 | Pan      | Identified Sif Muna's Collected Works on Captivating
                  | Changing
155181 | Pan      | Noticed Tuacaitz the pandemonium lord
155191 | Pan      | Killed Tuacaitz the pandemonium lord
156184 | Pan      | Gained mutation: Your magical capacity is very low. (-20%
                  | MP) [a neqoxec]
157199 | Pan      | Gained mutation: You are weak. (Str -2) [a neqoxec]
157252 | Pan      | Upgraded the game from 0.26-a0-1053-gaff5f71418 to
                  | 0.26-a0-1060-g086102a3f0
157477 | Pan      | Entered the realm of Gloorx Vloq.
157485 | Pan      | Identified the +0 tower shield of Dawn {*Corrode Int+3 SInv
                  | Stlth+}
161647 | Pan      | Noticed Gloorx Vloq
161658 | Pan      | HP: 4/260 [Executioner[Gloorx Vloq] (20)]
161658 | Pan      | Slain by an Executioner

Illustrated notes

Levels and vault maps discovered:
D:1:      dpeg_arrival_concentric_ovals, layout_loops_ring,
          hangedman_decor_diamond_cutter
D:2:      layout_basic, nicolae_overflow_crystal_walls,
          chequers_ecumenical_altar_simple_redux
D:3:      layout_loops_ring, nicolae_ru_awakened_eye,
          cheibrodos_sewer_entry_sluice, kennysheep_generic_room_4, uniq_sigmund
D:4:      minmay_bubble_buster, layout_basic,
          gammafunk_temple_overflow_forgotten, minmay_misc_feat_square
D:5:      layout_gridville
D:6:      layout_basic, kennysheep_slug_shrine, zaba_anthole,
          grunt_decor_clamped, uniq_prince_ribbit1, uniq_pikel
D:7:      minmay_octagon_keep, layout_loops_ring,
          minmay_temple_entry_sparse_star, gammafunk_ghost_cemetery,
          serial_shops, shop, nicolae_shop_statue_plus, shop,
          minmay_misc_feat_hallway
D:8:      layout_cave_pools, serial_glass, glass_columns_a, glass_columns_b,
          disabler_island
D:9:      layout_roguey, orc_0_dummy
D:10:     layout_rooms, the_bakery
D:11:     layout_irregular_city, minmay_lair_entry_grove,
          gauntlet_entry_generic, minmay_guarded_unrand_vampires_tooth,
          uniq_grum
D:12:     layout_cave_pools, serial_column_ruins, column_ruins_open_small,
          column_ruins_open_medium, column_ruins_grid_3,
          column_ruins_open_small, column_ruins_grid_1, column_ruins_open_tiny,
          portal_ice_cave_entry_animals_and_master, grunt_ministairs_5,
          minivault_29, uniq_fannar
D:13:     layout_stronghold, ximxim_vaults_locker_room, basic_altar,
          hangedman_aviary, uniq_snorg
D:14:     layout_grid_maze, serial_shops, shop, minmay_misc_feat_five
D:15:     hangedman_depths_entry_try_elsewhere_first, layout_loops_ring,
          uniq_kirke
Temple:   nicolae_temple_x_marks_the_god
Lair:1:   layout_gridlike, uniq_erica, uniq_urug
Lair:2:   layout_small_grid, grunt_megastairs_5
Lair:3:   layout_regular_city, skrybe_swamp_entry_bodies,
          nicolae_spider_entry_non_spiders
Lair:4:   layout_cave_pods, lemuel_centaur_altar, infiniplex_staircase_pool_2
Lair:5:   layout_cave_pods, minmay_lindwurm_lava
Lair:6:   wormcave, layout_gridlike, guppyfry_lair_end_dragon,
          minmay_slime_entry_pillars, minivault_27, serial_bayou_pond_b,
          patterned_corridor, minmay_lair_oklob_chamber
Swamp:1:  layout_basic_swamp, evilmike_swamp_ruin_house_1
Swamp:2:  layout_basic_swamp, evilmike_swamp_ruin_rubble_1, swamp_pool3,
          nicolae_swamp_very_dense_foliage
Swamp:3:  layout_basic_swamp, nicolae_swamp_trees_clearing, swamp_pool2,
          uniq_jorgrun, uniq_donald
Swamp:4:  swamp_alternative, layout_basic_swamp
Spider:1: layout_chambers, drop_trap, einodemon_crawler_minivault
Spider:2: layout_spider_delve, gammafunk_ghost_tricky_traps, uniq_arachne
Spider:3: layout_spider_delve
Spider:4: grunt_spider_rune_island
Slime:1:  layout_caves
Slime:2:  nicolae_slime_pool, layout_caves
Slime:3:  layout_caves, uniq_dissolution
Slime:4:  layout_caves
Slime:5
Orc:1:    layout_diamond_mine, basic_altar, nicolae_orc_damp_corner,
          statue_in_the_mist_lemuel
Orc:2:    grunt_orc_community_town_hall, layout_caves,
          grunt_orc_community_big_house_2, grunt_orc_community_big_house_1,
          grunt_orc_community_house_2, grunt_orc_community_house_3,
          grunt_orc_community_house_3, grunt_orc_community_house_2,
          grunt_orc_community_house_2
Elf:1:    eino_elf_arrival_altar, layout_geoelf_octagon, orc_legates
Elf:2:    layout_loops_cross, serial_shops, shop, feat_on_display
Elf:3:    elf_hall, layout_onion_city, serial_shops, shop,
          small_statue_intersection
Vaults:1: ontoclasm_vaults_bender, ontoclasm_vaults_decontamination,
          vaults_room_large_hall, ontoclasm_vaults_hangar, v_rooms_1,
          grunt_vaults_bifocal, serial_ice_h, nicolae_vaults_little_squares_3,
          vaults_room_grunt_arrival_ludios, hangedman_vaults_maws, v_rooms_2,
          v_misc_4, ontoclasm_vaults_eye, vaults_room_door_ring,
          vaults_dpeg_diagonal, layout_vaults_chaotic_city, serial_shops,
          bzr_entry_islet
Vaults:2: ontoclasm_vaults_echo, nicolae_vaults_what_the_h,
          dpeg_vaults_monster_box, vaults_room_stairs_pillars, v_misc_4,
          nicolae_vaults_sealed_display, minmay_crypt_entry_simple_walls,
          hangedman_vaults_maws, vaults_room_fours, vaults_room_pools,
          hangedman_vaults_stretched_pinwheel, vaults_mumra_lcd,
          nicolae_vaults_rhombus_6, layout_vaults_ring
Vaults:3: ebering_vaults_ghost_inner_flame, hangedman_vaults_corner,
          vaults_room_glass_cross, ontoclasm_vaults_loading_screen,
          grunt_vaults_diagonal, nicolae_vaults_windows_and_doors_thing,
          ontoclasm_vaults_chip, ontoclasm_vaults_twist, vaults_room_hallway,
          vaults_room_pool, nicolae_vaults_border_crossing,
          layout_vaults_omnigrid
Vaults:4: vaults_room_semicircle, hangedman_vaults_slither, v_misc_13,
          nicolae_vaults_big_angled_halls, st_lattice, ontoclasm_vaults_hangar,
          grunt_vaults_twisty, v_pattern_3, v_misc_19, v_rooms_5,
          layout_vaults_omnibox, uniq_aizul, uniq_mara
Crypt:1:  layout_regular_city, grunt_crypt_arrival_guarded_gate
Crypt:2:  layout_catacombs, roderic_lattice_octagonal_star
Crypt:3:  due_elkab, layout_chaotic_city, uniq_khufu
Tomb:1:   uniq_sojobo
Depths:1: hangedman_cross_veins, layout_small_grid,
          pf_vacation_house_of_asmodeus, hangedman_decor_push, minmay_orc_keep,
          minmay_shoptagon
Depths:2: kennysheep_oblong_rooms, layout_gridlike, ebering_ghost_disaster_area,
          pf_coc_iceberg, chequers_big_river
Depths:3: lemuel_minitomb, layout_cave_shapes, abyss_entry_small_statue_room,
          hangedman_decor_growths, grunt_mini_vestibule, pan_entry,
          minivault_22, serial_bayou_shore_a, infiniplex_staircase_split_hallway
Depths:4: kennysheep_blocky_room, layout_gridville, enter_ziggurat_c,
          serial_shops, statue_bzr, special_room [special_room_morgue],
          old_standard_altar, hangedman_tar_grid_catacomb, abyss_entry
Depths:5: grunt_crosshair, layout_cave_pools, hell_entry,
          minmay_misc_feat_enclosed, serial_hangedman_research,
          hangedman_research_metamorphosis, hangedman_research_convocations,
          hangedman_research_pyrotechnics, hangedman_research_electronics,
          hangedman_research_probablistics, hangedman_research_geology,
          okawaru_ov_weapons_minmay, serial_bayou_shore_b
Hell
Dis:1:    layout_chaotic_city
Geh:1:    layout_gehenna_lava_caves
Coc:1:    layout_cocytus_delve, door_vault
Tar:1:    layout_grid_maze, nicolae_tar_cuneiform_bread, evilmike_ambush
          [evilmike_ambush_outer_pillars, evilmike_ambush_inner_wall_2]
Zot:1:    kennysheep_spiral_hall, layout_twisted_circle,
          gammafunk_ghost_wrathful_warriors
Pan:      evilmike_mini_pan_3x3, layout_pan_divisions_a
          [pan_division_quadrant_a2, pan_division_quadrant_a6,
          pan_division_quadrant_a6, pan_division_quadrant_a1,
          pan_division_octagon_box], reaverb_pan_chaos_star,
          evilmike_mini_pan_branches, layout_gridville,
          pan_blood_fountain_small, evilmike_mini_pan_pillars_b,
          layout_small_grid, evilmike_gloorx_vloq_box, layout_long_grid,
          pan_blood_fountain_small

Skill      XL: |  1  2  3  4  5  6  7  8  9 10 11 12 13 14 15 16 17 18 19 20 21 22 23 24 25 26 27 |
---------------+----------------------------------------------------------------------------------+-----
Fighting       | 1 2 3 4 6 7 8 9 11 12 13 14 15 16 17 18 19 20 21 24 | 24.0
Spellcasting   | 2 3 4 5 6 7 8 9 10 11 12 13 14 16 | 16.0
Conjurations   | 2 3 4 5 6 7 8 9 10 11 12 13 14 15 16 17 20 | 20.1
Fire Magic     | 4 5 6 7 8 9 10 11 12 13 14 15 16 17 18 19 24 | 24.0
Evocations     | 3 4 5 6 7 8 9 10 11 12 13 14 | 14.2
Invocations    | 2 4 5 7 8 9 10 11 12 13 14 15 16 22 | 22.0
Earth Magic    | 4 5 7 9 10 11 12 13 14 15 16 17 19 | 19.0
Armour         | 2 3 4 5 |  5.7
Translocations | 1 2 |  2.0
Transmutations | 1 2 3 4 |  4.0
Dodging        | 3 4 5 6 7 |  7.4
Staves         | 1 |  1.5
Maces & Flails | 2 3 5 6 7 8 9 10 11 | 11.2
Shields        | 2 4 5 6 7 |  7.8
Stealth        | |  1.5

Action                   |  1- 3 |  4- 6 |  7- 9 | 10-12 | 13-15 | 16-18 | 19-21 | 22-24 | 25-27 || total
-------------------------+-------+-------+-------+-------+-------+-------+-------+-------+-------++-------
Melee: Whip              |     2 |       |       |       |       |       |       |       |       ||     2
       Spear             |     6 |    25 |    23 |       |       |       |       |       |       ||    54
       Quarterstaff      |       |       |    28 |   172 |   294 |       |       |       |       ||   494
       Morningstar       |       |       |       |       |   100 |   324 |   180 |   128 |   601 ||  1333
Throw: Dart              |       |       |       |       |     8 |       |    14 |       |     7 ||    29
 Cast: Foxfire           |    50 |   105 |   287 |   378 |   784 |   293 |   431 |    78 |   213 ||  2619
       Sticky Flame      |       |       |     9 |    81 |   242 |   201 |   206 |    96 |    91 ||   926
       Fireball          |       |       |       |    30 |    96 |   358 |   304 |   366 |   718 ||  1872
       Iron Shot         |       |       |       |       |     7 |   132 |   150 |   280 |   788 ||  1357
       Lee's Rapid Decon |       |       |       |       |     4 |     5 |   194 |   307 |   550 ||  1060
       Blink             |       |       |       |       |       |     5 |     1 |       |     2 ||     8
       Starburst         |       |       |       |       |       |       |       |       |     4 ||     4
       Ignition          |       |       |       |       |       |       |       |       |    50 ||    50
Invok: Cleansing Flame   |       |       |       |       |       |     3 |       |       |     9 ||    12
       Summon Divine War |       |       |       |       |       |     2 |     6 |     4 |    12 ||    24
       Divine Shield     |       |       |       |       |       |     1 |       |     1 |    17 ||    19
 Abil: Evoke Flight      |       |       |       |       |       |       |       |     2 |       ||     2
Evoke: Wand              |       |       |       |    18 |    25 |    21 |     6 |     2 |    10 ||    82
       Lightning rod     |       |       |       |       |       |    13 |    11 |     3 |    19 ||    46
       Phantom mirror    |       |       |       |       |       |     1 |       |       |       ||     1
  Use: Potion            |       |     1 |       |     1 |     7 |     4 |     1 |     4 |    18 ||    36
       Scroll            |       |       |    14 |    10 |    17 |     4 |     8 |    12 |    17 ||    82
 Stab: Sleeping          |       |     1 |       |       |       |       |       |       |       ||     1
Armor: Robe              |     2 |     2 |       |       |       |       |       |       |       ||     4
       Leather armour    |       |     1 |       |       |       |       |       |       |       ||     1
       Ring mail         |       |    12 |    34 |       |       |       |       |       |       ||    46
       Scale mail        |       |       |       |    25 |       |       |       |       |       ||    25
       Acid dragon scale |       |       |       |    80 |   422 |   566 |   194 |   271 |   757 ||  2290
Dodge: Dodged            |     9 |    14 |    61 |   124 |   460 |   569 |   234 |   242 |   741 ||  2454
Block: Other             |       |     3 |    28 |    65 |   141 |       |       |       |       ||   237
       Reflection        |       |       |     4 |     1 |       |    20 |    93 |    81 |   118 ||   317
       Buckler           |       |       |       |       |    66 |   676 |   406 |   408 |  1229 ||  2785

Table legend: (Time is in decaauts)
 A = Elapsed time spent in this place.
 B = Non-inter-level travel time spent in this place.
 C = Inter-level travel time spent in this place.
 D = Time resting spent in this place.
 E = Time spent auto-exploring this place.
 F = Levels seen in this place.
 G = Mean time per level.
                   A        B        C        D        E       F      G
               +--------+--------+--------+--------+--------+-----+--------+
         Total | 162734 | 145668 |  17066 |   6293 | 121560 |  66 | 2465.7 |
       Dungeon |  28792 |  24891 |   3901 |    672 |  21192 |  15 | 1919.5 |
        Temple |     19 |      5 |     14 |      0 |      0 |   1 |   19.0 |
          Lair |  16917 |  14379 |   2538 |   2255 |  10401 |   6 | 2819.5 |
         Swamp |   7676 |   7083 |    593 |    957 |   5576 |   4 | 1919.0 |
   Spider Nest |  13324 |  12084 |   1240 |    934 |   9839 |   4 | 3331.0 |
    Slime Pits |   6245 |   5795 |    450 |      0 |   5219 |   5 | 1249.0 |
  Orcish Mines |   4678 |   3976 |    702 |    824 |   2611 |   2 | 2339.0 |
   Elven Halls |   8446 |   7480 |    966 |      0 |   6803 |   3 | 2815.3 |
        Vaults |  20377 |  17928 |   2449 |     83 |  15764 |   4 | 5094.2 |
         Crypt |   8417 |   7511 |    906 |      0 |   6760 |   3 | 2805.7 |
          Tomb |   2666 |   2222 |    444 |      0 |   2021 |   1 | 2666.0 |
        Depths |  20133 |  17939 |   2194 |    441 |  15661 |   5 | 4026.6 |
          Hell |   3639 |   3439 |    200 |      0 |   3159 |   1 | 3639.0 |
           Dis |   1124 |   1095 |     29 |      0 |    897 |   1 | 1124.0 |
       Gehenna |    361 |    327 |     34 |      0 |    241 |   1 |  361.0 |
       Cocytus |    130 |    130 |      0 |      0 |     96 |   1 |  130.0 |
      Tartarus |      5 |      5 |      0 |      0 |      0 |   1 |    5.0 |
           Zot |   2173 |   1773 |    400 |      0 |   1534 |   1 | 2173.0 |
   Pandemonium |  12450 |  12450 |      0 |      4 |  10106 |   4 | 3112.5 |
        Bazaar |    206 |    206 |      0 |      0 |    147 |   2 |  103.0 |
      Ice Cave |   4948 |   4948 |      0 |    123 |   3530 |   1 | 4948.0 |
               +--------+--------+--------+--------+--------+-----+--------+

Top non-repeatable levels by time:
Vaults:1: 7462 daAuts
Depths:2: 5277 daAuts
Vaults:2: 5221 daAuts
   IceCv: 4948 daAuts
Vaults:3: 4742 daAuts
  Lair:6: 4707 daAuts
Depths:4: 4383 daAuts
Depths:1: 4293 daAuts
Spider:1: 4121 daAuts
 Crypt:3: 3827 daAuts
    D:11: 3788 daAuts
Spider:3: 3694 daAuts
    Hell: 3639 daAuts
Depths:5: 3466 daAuts
  Lair:3: 3417 daAuts
